 Dungeon Crawl Stone Soup version 0.30.0-5-g1a98f26d00 (webtiles) character file.

Game seed: 8511296443153121247

666 jimonade the Cutter (level 7, -2/55 HPs)
             Began as a Demonspawn Monk on May 10, 2023.
             Slain by a gnoll
             ... wielding a +0 whip
             ... led by a gnoll sergeant
              (7 damage)
             ... on level 5 of the Dungeon.
             The game lasted 00:07:08 (4108 turns).

jimonade the Cutter (Demonspawn Monk)               Turns: 4108, Time: 00:07:08

Health: -2/55      AC: 11    Str: 11    XL:     7   Next: 31%
Magic:  7/7        EV:  7    Int: 12    God:
Gold:   349        SH:  0    Dex: 17    Spells: 6/6 levels left

rFire   . . .        b - +0 dagger (venom)
rCold   . . .        d - orb {light}
rNeg    . . .        m - +0 chain mail
rPois   .            (helmet restricted)
rElec   .            (no cloak)
rCorr   .            C - +0 pair of gloves
SInv    .            A - +0 pair of boots
Will    .....        t - amulet of the acrobat Stlth
                     (no ring)
HPRegen 0.29/turn    (no ring)
MPRegen 0.10/turn

%: acrobat
@: glowing
A: antennae 1, powered by death 2
a: no special abilities


You were on level 5 of the Dungeon.
You visited 1 branch of the dungeon, and saw 5 of its levels.

You collected 349 gold pieces.

Inventory:

Hand Weapons
 a - a +2 dagger of freezing
 b - a +0 dagger of venom (weapon)
 e - a +0 short sword
 s - a +0 scimitar
 x - a +0 vampiric spear
Missiles
 v - 32 stones (quivered)
Armour
 d - an orb of light (worn)
 m - a +0 chain mail (worn)
 o - a +0 ring mail
 w - a +0 buckler
 A - a +0 pair of boots (worn)
 C - a +0 pair of gloves (worn)
Jewellery
 t - an amulet of the acrobat (around neck)
Scrolls
 g - a scroll of identify {unknown}
 i - 2 scrolls of poison {unknown}
 j - 3 scrolls of teleportation {unknown}
 k - a scroll of summoning {unknown}
 n - a scroll of torment {unknown}
 u - 2 scrolls of magic mapping {unknown}
 y - 3 scrolls of enchant weapon {unknown}
 B - a scroll of immolation {unknown}
 F - a scroll of enchant armour {unknown}
Potions
 c - a potion of ambrosia
 f - a potion of haste {unknown}
 h - a potion of berserk rage {unknown}
 l - 3 potions of mutation {unknown}
 p - 2 potions of heal wounds {unknown}
 q - a potion of attraction {unknown}
 r - 4 potions of degeneration {unknown}
 z - 2 potions of flight {unknown}
 D - a potion of cancellation {unknown}
 E - a potion of curing {unknown}


   Skills:
 + Level 4.5 Fighting
 + Level 5.4 Short Blades
 + Level 3.5 Armour
 + Level 3.8 Dodging


You had 6 spell levels left.
You didn't know any spells.
Your spell library contained the following spells:

 Spells                   Type           Power      Damage    Failure   Level
 Shock                    Conj/Air       0%         1d3       100%        1
 Slow                     Hex            0%         N/A       100%        1
 Blink                    Tloc           0%         N/A       100%        2
 Lesser Beckoning         Tloc           0%         N/A       100%        2
 Momentum Strike          Conj/Tloc      0%         3d8       100%        2
 Confusing Touch          Hex            0%         N/A       100%        3
 Swiftness                Air            0%         N/A       100%        3
 Vampiric Draining        Necr           0%         2d6       100%        3
 Airstrike                Air            0%         2d(0-16)  100%        4


Dungeon Overview and Level Annotations

Branches:
Dungeon (5/15)
 Temple: D:4-7

Altars:
Nemelex Xobeh


Innate Abilities, Weirdness & Mutations

You have a pair of small antennae on your head.
You regenerate health from kills.


Message History

The sleepcap is severely damaged.
The gnoll sergeant hits you from afar with a +0 spear.
The sleepcap releases spores at you.
You hit the sleepcap.
You destroy the sleepcap!
The gnoll sergeant hits you but does no damage.
The gnoll sergeant completely misses you.
You see here a +0 spear.
You hit the gnoll sergeant but do no damage.
The gnoll sergeant is poisoned.
You hit the gnoll sergeant but do no damage.
The gnoll sergeant looks as sick as possible!
The gnoll sergeant hits you but does no damage.
The gnoll barely misses you.
You hit the gnoll sergeant but do no damage.
The gnoll sergeant is lightly wounded.
The gnoll sergeant hits you with a +0 spear!
The gnoll hits you with a +0 whip.
You hit the gnoll sergeant but do no damage.
The gnoll sergeant is moderately wounded.
The gnoll sergeant hits you with a +0 spear!
You hit the gnoll.
The gnoll is poisoned.
The gnoll is lightly wounded.
You hit the gnoll.
The gnoll is moderately wounded.
The gnoll sergeant hits you but does no damage.
The gnoll hits you with a +0 whip.
* * * LOW HITPOINT WARNING * * *
You hit the gnoll.
The gnoll is severely wounded.
The gnoll sergeant hits you but does no damage.
The gnoll hits you but does no damage. x2
You hit the gnoll.
The gnoll looks even sicker.
The gnoll is severely wounded.
You hit the gnoll but do no damage.
The gnoll looks as sick as possible!
The gnoll is severely wounded.
The gnoll sergeant hits you with a +0 spear!
* * * LOW HITPOINT WARNING * * *
The gnoll hits you but does no damage. The gnoll hits you with a +0 whip!
You die...

. #....#..f........#.#
....................
.##....................
#...†................
.....#.#####.#..........
##...#......g#..........
#.. #.#...#g#..........
.. #.#._.#g#..........
#.#...#@#.#†.......
#.....gg#.#........
#.#####.#..........
..................##
#.........##......##
...........<.....##
..##....##.....# .
#..#.###........ #...#.
##.......


You could see a gnoll sergeant (very poisoned) and 4 gnolls.

Vanquished Creatures
  Sigmund (D:3)
  3 scorpions
  A jelly (D:3)
  2 orc priests
  A sleepcap (D:5)
  Robin (D:3)
  5 gnolls
  6 adders
  An ufetubus (D:3)
  A worm (D:3)
  A dart slug (D:2)
  9 orcs
  9 endoplasms
  3 giant cockroaches
  10 goblins
  7 hobgoblins
  4 jackals (D:1)
  10 kobolds
  5 quokkas
  5 ball pythons
  5 bats
  2 frilled lizards
  4 rats
96 creatures vanquished.

Notes
Turn   | Place    | Note
-------+----------+-------------------------------------------
     0 | D:1      | jimonade the Demonspawn Monk began the quest for the Orb.
     0 | D:1      | Reached XP level 1. HP: 18/18 MP: 1/1
   348 | D:1      | Gained mutation: You regenerate a little health from kills.
                  | [demonic ancestry]
   348 | D:1      | Reached XP level 2. HP: 15/24 MP: 2/2
   523 | D:1      | Reached skill level 3 in Short Blades
  1263 | D:2      | Reached XP level 3. HP: 29/29 MP: 3/3
  1925 | D:3      | Reached XP level 4. HP: 33/35 MP: 4/4
  2261 | D:3      | Noticed Sigmund
  2277 | D:3      | Killed Sigmund
  2278 | D:3      | Reached skill level 4 in Short Blades
  2278 | D:3      | Reached skill level 1 in Armour
  2278 | D:3      | Discovered your monstrous ancestry.
  2278 | D:3      | Gained mutation: You have a pair of small antennae on your
                  | head. [demonic ancestry]
  2278 | D:3      | Reached XP level 5. HP: 24/42 MP: 5/5
  2402 | D:3      | Noticed Robin
  2425 | D:3      | Killed Robin
  2466 | D:3      | Reached XP level 6. HP: 37/48 MP: 6/6
  3324 | D:4      | Reached skill level 5 in Short Blades
  3437 | D:4      | Gained mutation: You regenerate health from kills. [demonic
                  | ancestry]
  3437 | D:4      | Reached XP level 7. HP: 52/55 MP: 7/7
  3473 | D:4      | Found a sparkling altar of Nemelex Xobeh.
  3942 | D:5      | Entered Level 5 of the Dungeon
  4108 | D:5      | Slain by a gnoll

Illustrated notes

Levels and vault maps discovered:
D:1:      spicycebolla_green_bress_n_ham, layout_basic
D:2:      layout_loops_corners
D:3:      layout_loops_cross, uniq_sigmund, uniq_robin
D:4:      layout_loops_ring, nemelex_spade_bored_becter
D:5:      layout_cave_pools, mainiacjoe_overflow_cross_hatched,
          gammafunk_temple_overflow_statue, minmay_temple_entry_poolview,
          serial_shops, nicolae_shop_trees, uniq_duvessa

Skill      XL: |  1  2  3  4  5  6  7 |
---------------+----------------------+-----
Dodging        | 3 |  3.8
Short Blades   | 3 4 5 |  5.4
Fighting       | 4 |  4.5
Armour         | 1 2 3 |  3.5

Action                     |  1- 3 |  4- 6 |  7- 9 || total
---------------------------+-------+-------+-------++-------
  Melee: Short sword       |    13 |       |       ||    13
         Dagger            |    91 |   136 |    79 ||   306
   Stab: Distracted        |       |     1 |       ||     1
 Armour: Robe              |     5 |       |       ||     5
         Chain mail        |    15 |    52 |    26 ||    93
  Dodge: Dodged            |    42 |    46 |    28 ||   116
